[Event "*** Titled Tuesday Blitz"]
[Site "Chess.com"]
[Date "2020.11.24"]
[Round "5"]
[White "Sanyura"]
[Black "NikolaGry"]
[Result "0-1"]
[WhiteElo "2529"]
[BlackElo "2734"]
[TimeControl "180+1"]
[EndTime "11:12:07 PST"]
[Termination "NikolaGry won by checkmate"]

1. e4 e5 2. Nf3 d6 3. d4 exd4 4. Nxd4 Nf6 5. Nc3 g6 6. Bg5 Bg7 7. Qf3 h6 8. Bh4 g5 9. Bg3 O-O 10. h4 g4 11. Qd3 Nc6 12. Nxc6 bxc6 13. O-O-O Nh5 14. Be2 Rb8 15. f4 Qe7 16. Rhe1 d5 17.
exd5 Qb4 18. Bf2 Ba6 19. Qe3 Qxb2+ 20. Kd2 Rfe8 21. Rb1 Qxc3+ 22. Qxc3 Bxc3+ 23. Kxc3 Rxb1 24. Rxb1 Rxe2 25. Rb8+ Kh7 26. Bd4 Nxf4 27. g3 Nxd5+ 28. Kb2 f6 29. h5 Re4 30. Bc5 Kg7 31. Rd8 Kf7 32. Rd7+ Ke6 33. Rh7 Re2 34. Rxh6 Bd3 35. Kc1 Rxc2+ 36. Kd1 Rxc5 37. Rh8 Rc2 38. h6 Ne3+ 39.
Ke1 Re2# 0-1

[Event "*** Titled Tuesday Blitz"]
[Site "Chess.com"]
[Date "2020.11.24"]
[Round "5"]
[White "esapunov"]
[Black "GM_Levan_Pantsulaia"]
[Result "1-0"]
[WhiteElo "2811"]
[BlackElo "2831"]
[TimeControl "180+1"]
[EndTime "11:12:08 PST"]
[Termination "esapunov won by resignation"]

1. c4 c5 2. Nf3 b6 3. Nc3 Bb7 4. d4 cxd4 5. Nxd4 Nf6 6. f3 e6 7. e4 d6 8. Be3 a6 9. Be2 Be7 10.
O-O O-O 11. Qd2 Qc7 12. Rfc1 Nbd7 13. a4 Rab8 14. Bf1 Rfc8 15. Kh1 Ba8 16. Bg5 h6 17. Be3 Nc5 18. b4 Ncd7 19. Nce2 Ne5 20. Ng3 Qd8 21. Bf4 Ng6 22. Be3 Qf8 23. Rab1 Qe8 24. Ra1 Rd8 25. Nb3 d5 26. exd5 exd5 27. c5 bxc5 28. Bxc5 d4 29. Bxa6 Bxc5 30. Nxc5 Nd5 31. Bb5 Qe5 32. Nd7 Rxd7 33.
Bxd7 Ne3 34. Bc6 Bxc6 35. Rxc6 Nh4 36. Rc5 Qd6 37. Rg1 Rd8 38. Qd3 g6 39. a5 h5 40.
a6 Qb6 41. Ra5 Qxb4 42. Ra2 Ra8 43. a7 Nhf5 44. Nxf5 Nxf5 45. Rb1 Qe7 46. Qe4 Qd8 47. Qxa8 Qxa8 48. Rb8+ 1-0

[Event "*** Titled Tuesday Blitz"]
[Site "Chess.com"]
[Date "2020.11.24"]
[Round "5"]
[White "SchmakAttack"]
[Black "Ladislav1969"]
[Result "1-0"]
[WhiteElo "2508"]
[BlackElo "2343"]
[TimeControl "180+1"]
[EndTime "11:12:08 PST"]
[Termination "SchmakAttack won on time"]

1. e4 c5 2. Nf3 e6 3. d4 cxd4 4. Nxd4 a6 5. Bd3 Nc6 6. Nxc6 dxc6 7. O-O e5 8. Nd2 Nf6 9. Nc4 Qc7 10. a4 Be6 11. Qe2 Bc5 12. a5 O-O 13. c3 Rad8 14. b4 Ba7 15. Be3 Bxe3 16. Qxe3 Bxc4 17.
Bxc4 Rd7 18. Rfd1 Rfd8 19. Be2 Rd6 20. f3 Rxd1+ 21. Rxd1 Rxd1+ 22. Bxd1 Qd6 23. Bb3 Nd7 24. Qe2 Kf8 25. Qc4 Qf6 26. Kf2 Qf4 27. g3 Qd2+ 28.
Kf1 Ke7 29. Qxf7+ Kd8 30. Be6 Qc1+ 31. Kg2 Qd2+ 32. Kh3 Qh6+ 33. Kg2 Qd2+ 34. Kh3 Qh6+ 35. Kg4 Nf6+ 36. Kf5 Qh3+ 37. Kxe5 Qxh2 38. Qxg7 1-0

[Event "*** Titled Tuesday Blitz"]
[Site "Chess.com"]
[Date "2020.11.24"]
[Round "5"]
[White "shnitez"]
[Black "northridgehawk"]
[Result "1-0"]
[WhiteElo "2500"]
[BlackElo "2306"]
[TimeControl "180+1"]
[EndTime "11:12:09 PST"]
[Termination "shnitez won by resignation"]

1. c4 e5 2. Nc3 Nc6 3. Nf3 Nf6 4. e3 d5 5. cxd5 Nxd5 6. Bb5 Qd6 7. d4 exd4 8. Nxd4 Nxc3 9. bxc3 Bd7 10. O-O Be7 11. a4 O-O 12. Ba3 Qf6 13. Qb3 Na5 14. Qa2 Bxa3 15.
Qxa3 c6 16. Be2 Be6 17. Rab1 Nc4 18. Qc1 b5 19. axb5 cxb5 20. Rxb5 Rac8 21. Qa1 Ne5 22. Rc1 Bc4 23. Bxc4 Nxc4 24. Qxa7 Rfd8 25. Rc5 h6 26. Rxc8 Rxc8 27. h3 Ne5 28. Qb7 Re8 29. c4 Re7 30. Qc8+ Kh7 31. Qf5+ Ng6 32. Qxf6 gxf6 33. c5 Kg7 34. c6 Re5 35. c7 Rg5 36. c8=Q Nh4 37. g3 Ng6 38. h4 Ne5 39. Rc7 Rg4 40. Nc6 Rg6 41. Nxe5 fxe5 42. Qe8 Rf6 43. Qxe5 Kg6 44. h5+ Kg7 45. Rc6 1-0

[Event "*** Titled Tuesday Blitz"]
[Site "Chess.com"]
[Date "2020.11.24"]
[Round "5"]
[White "ZverevLev"]
[Black "PlotnikovPavel"]
[Result "1-0"]
[WhiteElo "2295"]
[BlackElo "2479"]
[TimeControl "180+1"]
[EndTime "11:12:09 PST"]
[Termination "ZverevLev won by checkmate"]

1. e4 e5 2. Nc3 Nf6 3. Nf3 Nc6 4. d4 exd4 5. Nxd4 Bc5 6. Nxc6 bxc6 7. Be2 d6 8. O-O O-O 9. h3 Be6 10. Be3 Bb6 11.
Bxb6 cxb6 12. f4 Qc7 13. Bd3 Rad8 14. Qe2 Rfe8 15. Rae1 Bc8 16. Qf2 c5 17. b3 a6 18.
Qh4 h6 19. Nd5 Nxd5 20. exd5 Bb7 21. c4 b5 22. f5 f6 23. Re6 Bc8 24. Re4 Re5 25. Rg4 Kh7 26. Rg6 Rde8 27. Kh2 Re3 28. Bb1 bxc4 29. bxc4 R8e5 30. Rf4 Re1 31. Be4 Rc1 32. Rfg4 Re7 33. Rxh6+ Kg8 34. Qxf6 Rxe4 35. Rh8+ Kxh8 36. Qf8+ Kh7 37. Rxe4 Bxf5 38. Qxf5+ g6 39. Qg5 Rf1 40. Re7+ Rf7 41. Rxc7 Rxc7 42. h4 Rb7 43. h5 gxh5 44. Qxh5+ Kg7 45. Kg3 Rb2 46. Qg4+ Kf6 47. Qf4+ Ke7 48. Qe3+ Kd7 49. Qa3 Rb6 50. Qa5 Kc7 51. Kf4 Kb7 52. g4 Rb4 53. g5 Rxc4+ 54.
Kf5 Rd4 55. Ke6 Rg4 56. Kxd6 Rxg5 57. Qc7+ Ka8 58. Qd8+ Kb7 59. Qxg5 Kb6 60. Qd8+ Kb5 61. Qb8+ Ka4 62. Kc6 a5 63. Kxc5 Ka3 64. Qb3# 1-0

[Event "*** Titled Tuesday Blitz"]
[Site "Chess.com"]
[Date "2020.11.24"]
[Round "5"]
[White "Algeriano22"]
[Black "Deepweb2020"]
[Result "1-0"]
[WhiteElo "2620"]
[BlackElo "2277"]
[TimeControl "180+1"]
[EndTime "11:12:10 PST"]
[Termination "Algeriano22 won by resignation"]

1. e4 e5 2. Nf3 Nc6 3. Bc4 Bc5 4. d3 d6 5. O-O Bg4 6. Be3 Bb6 7. Nbd2 Nf6 8. c3 h6 9. Bb3 Ne7 10. h3 Be6 11.
Bxe6 fxe6 12. d4 exd4 13. Nxd4 Bxd4 14. cxd4 O-O 15. Qb3 Qd7 16. Rac1 c6 17. f4 d5 18. e5 Ne4 19. g4 Nxd2 20. Bxd2 b6 21. Qd3 g6 22. Bb4 Rf7 23. Bxe7 Qxe7 24. Rxc6 Kg7 25. f5 gxf5 26. gxf5 exf5 27. Rxf5 Rxf5 28. Qxf5 Rf8 29.
Rg6+ Kh7 30. Rf6+ Kg8 31. Rxf8+ Qxf8 32. Qxf8+ Kxf8 33. Kf2 Kf7 34. Kf3 Kg6 35. Kg4 a6 36.
b4 a5 37. bxa5 bxa5 38. a4 h5+ 39. Kf4 Kh6 40. Kf5 Kg7 41. h4 Kf7 42. Kg5 Ke6 43. Kxh5 Kf5 44. Kh6 Ke4 45. e6 Kxd4 46. e7 Kd3 47. e8=Q d4 48. Qb5+ Ke3 49. Qxa5 d3 50. Qe5+ Kf2 51. Qd4+ Ke2 52. Qxd3+ Kxd3 53. a5 Kc4 54. a6 Kb5 55. a7 Kc6 56. a8=Q+ 1-0

[Event "*** Titled Tuesday Blitz"]
[Site "Chess.com"]
[Date "2020.11.24"]
[Round "5"]
[White "Margency"]
[Black "mbachez"]
[Result "1-0"]
[WhiteElo "2664"]
[BlackElo "2421"]
[TimeControl "180+1"]
[EndTime "11:12:12 PST"]
[Termination "Margency won by resignation"]

1. e4 e6 2. d4 d5 3. Nc3 Nf6 4. Bg5 dxe4 5. Nxe4 Nbd7 6. Nf3 h6 7. Nxf6+ Nxf6 8. Be3 Nd5 9. Bd3 c5 10. O-O Be7 11.
Ne5 O-O 12. c4 Nxe3 13. fxe3 cxd4 14. Qh5 Bf6 15. Rxf6 Qxf6 16. exd4 Qg5 17. Qe2 Rd8 18.
Rf1 f5 19. d5 b6 20. Nc6 Rf8 21. d6 Bd7 22. Ne7+ Kh8 23. b4 Rae8 24. c5 Rxe7 25. dxe7 Qxe7 26. Qe5 bxc5 27. bxc5 Rc8 28. Rxf5 Bc6 29. Rh5 Kg8 30. Bc4 Bd7 31. Bb3 Qf6 32. h4 Qxe5 33. Rxe5 Kf7 34. Rf5+ Ke7 35. Rf4 Rxc5 36.
Rg4 g5 37. hxg5 Rxg5 38. Rb4 Bc6 39. g4 h5 40. Bd1 hxg4 41. Rxg4 a5 42. Rxg5 Kf6 43.
Rxa5 1-0

[Event "*** Titled Tuesday Blitz"]
[Site "Chess.com"]
[Date "2020.11.24"]
[Round "5"]
[White "Zq1"]
[Black "Teidi96"]
[Result "1-0"]
[WhiteElo "2581"]
[BlackElo "2293"]
[TimeControl "180+1"]
[EndTime "11:12:12 PST"]
[Termination "Zq1 won on time"]

1. d4 Nf6 2. c4 e6 3. g3 d5 4. Bg2 Be7 5. Nf3 O-O 6. Nc3 dxc4 7. Ne5 c5 8. dxc5 Qxd1+ 9. Nxd1 Bxc5 10. Nxc4 Nc6 11.
Bxc6 bxc6 12. Be3 Bb4+ 13. Bd2 Bc5 14. b3 Ne4 15. Be3 Bb4+ 16. Kf1 Rd8 17. f3 Nd6 18.
Ndb2 Ba6 19. Rc1 Nxc4 20. Nxc4 Rd5 21. Kf2 Kf8 22. Rc2 Ke7 23. Rhc1 Kd7 24. Bd2 Bxd2 25. Nxd2 Rc8 26. Ne4 Bb7 27. Nc5+ Kc7 28. e4 Rd4 29. Ke3 Rcd8 30. h4 Ba8 31. h5 h6 32. f4 Kb6 33. Rc3 Rd1 34. Rxd1 Rxd1 35. Nd3 Rg1 36. Kf3 f6 37. Nc5 Rf1+ 38. Kg4 Re1 39. Nxe6 Rxe4 40. Nxg7 Bb7 41. Kf5 Re2 42. Kxf6 Rxa2 43. Nf5 Rh2 44. g4 Rg2 45. Nxh6 Bc8 46. f5 a5 47. Nf7 Rxg4 48.
h6 Rf4 49. Nd6 Bd7 50. h7 Rh4 51. Kg6 Rg4+ 52. Kh5 Rg1 53. Rh3 1-0

[Event "*** Titled Tuesday Blitz"]
[Site "Chess.com"]
[Date "2020.11.24"]
[Round "5"]
[White "mapleaff"]
[Black "barbara25"]
[Result "0-1"]
[WhiteElo "2392"]
[BlackElo "2261"]
[TimeControl "180+1"]
[EndTime "11:12:12 PST"]
[Termination "barbara25 won by resignation"]

1. d4 Nf6 2. Nf3 e6 3. c4 d5 4. Nc3 c6 5. Bg5 Be7 6. g3 O-O 7. Bg2 Nbd7 8. O-O b6 9. Rc1 Bb7 10. cxd5 exd5 11. Bf4 Ne4 12. Nd2 f5 13. Ndxe4 fxe4 14.
Qd2 Nf6 15. a3 Nh5 16. Be3 Nf6 17. f3 exf3 18. Bxf3 Bd6 19. Bg5 Be7 20. Bg2 Ne4 21.
Nxe4 dxe4 22. Bxe7 Qxe7 23. e3 c5 24. dxc5 bxc5 25.
Qc3 Rxf1+ 26. Rxf1 Rd8 27. Rc1 Rd5 28. Qc4 Kh8 29.
Bxe4 Re5 30. Bxb7 Qxb7 31. Qf4 Re8 32. Rf1 h6 33. Rf2 Qe7 34. Re2 Qe6 35. e4 c4 36.
Kg2 Rc8 37. Qf5 Qe8 38. e5 c3 39. bxc3 Rxc3 40. e6 Kg8 41. a4 Rc7 42. Qd5 Re7 43. a5 Kh7 44. Qf5+ g6 45. Qf6 Qa8+ 46. Qf3 Qe8 47. Qe4 Qd8 48. h4 Qxa5 49. Rf2 h5 50.
Rf6 Qd2+ 51. Kh3 Qh6 52. Rf7+ Rxf7 53. exf7 Qf8 54. g4 hxg4+ 55. Kxg4 Kg7 56. Qe5+ Kxf7 57.
Qd5+ Kg7 58. Qe5+ Qf6 59. Qc7+ Qf7 60. Qe5+ Kh7 61. Kg3 a6 62. h5 gxh5 63. Qe4+ Qg6+ 0-1

[Event "*** Titled Tuesday Blitz"]
[Site "Chess.com"]
[Date "2020.11.24"]
[Round "5"]
[White "OnePeculiarConundrum"]
[Black "wisdomboy"]
[Result "1-0"]
[WhiteElo "2355"]
[BlackElo "2149"]
[TimeControl "180+1"]
[EndTime "11:12:12 PST"]
[Termination "OnePeculiarConundrum won on time"]

1. e4 c5 2. Nf3 d6 3. Bb5+ Nd7 4. O-O a6 5. Bd3 Ngf6 6. c3 g6 7. Bc2 Bg7 8. d4 cxd4 9. cxd4 O-O 10. Nc3 b5 11. a3 Bb7 12. Re1 Rc8 13. h3 Nb6 14. Qe2 Qc7 15. Bg5 Nc4 16. Bc1 Qb8 17. Bd3 Nd7 18.
Bg5 Rfe8 19. Rac1 Ndb6 20. h4 h6 21. Bf4 Qa8 22. Rc2 Nxb2 23. Rxb2 Rxc3 24. Bd2 Rxa3 25. Bb4 Ra4 26. Bc2 Nc4 27. Bxa4 Nxb2 28. Bb3 Nc4 29. d5 Ne5 30. Nxe5 Bxe5 31. Bd2 Bg7 32. Be3 Rc8 33.
Rd1 Rc3 34. Rb1 Qc8 35. Qd2 a5 36. Bxh6 b4 37. h5 Qc5 38. hxg6 fxg6 39. Qg5 Bxh6 40. Qxh6 Kf7 41. Qh7+ Ke8 42. Qxg6+ Kd7 43. Qg4+ Kd8 44. Ba4 Rc1+ 45. Rxc1 Qxc1+ 46. Kh2 Qh6+ 47. Kg3 Bc8 48. Qg8+ Kc7 49. f4 Qf6 50. Qe8 Qc3+ 51. Kh2 1-0

[Event "*** Titled Tuesday Blitz"]
[Site "Chess.com"]
[Date "2020.11.24"]
[Round "5"]
[White "vova-79"]
[Black "beto-betun"]
[Result "1-0"]
[WhiteElo "2479"]
[BlackElo "2188"]
[TimeControl "180+1"]
[EndTime "11:12:12 PST"]
[Termination "vova-79 won on time"]

1. d4 Nf6 2. c4 g6 3. Nc3 Bg7 4. Nf3 O-O 5. g3 d6 6. Bg2 c5 7. dxc5 dxc5 8. Qxd8 Rxd8 9. Be3 Nc6 10. Bxc5 Be6 11. Nd2 Nd7 12. Ba3 Nb6 13. O-O-O Rd7 14. c5 Bxc3 15. cxb6 Bxd2+ 16. Rxd2 Rxd2 17. Kxd2 axb6 18. Ra1 Bf5 19. Bxc6 bxc6 20. Bxe7 Kg7 21. a3 f6 22. Bb4 Kf7 23. f3 Rd8+ 24. Ke1 Be6 25. Rc1 c5 26. Bc3 Bb3 27. Kf2 f5 28. Rg1 Rd1 29.
Rg2 Ke6 30. Ke3 Rd5 31. g4 fxg4 32. Rxg4 Rh5 33. Rg2 Bd1 34. Kf2 Rh3 35. Ke1 Bb3 36. Kf2 Bd1 37. Rg1 Bb3 38. Kg2 Rh5 39. Re1 Rd5 40. e4 Rd3 41. Re2 Bd1 42. Rf2 Bb3 43. Rd2 Rxd2+ 44. Bxd2 1-0

[Event "*** Titled Tuesday Blitz"]
[Site "Chess.com"]
[Date "2020.11.24"]
[Round "5"]
[White "Eternauta2400"]
[Black "DenLaz"]
[Result "0-1"]
[WhiteElo "2449"]
[BlackElo "2755"]
[TimeControl "180+1"]
[EndTime "11:12:13 PST"]
[Termination "DenLaz won on time"]

1. d4 d5 2. c4 e6 3. Nf3 a6 4.
cxd5 exd5 5. g3 Nf6 6. Bg2 Be7 7. O-O O-O 8. Nc3 c6 9. Bf4 Re8 10. Ne5 Bf5 11. Qb3 Ra7 12. a4 Nbd7 13. a5 Nxe5 14.
dxe5 Nd7 15. Be3 Nc5 16. Bxc5 Bxc5 17. Rfd1 Be6 18. Na4 Bf8 19. Nb6 Bc5 20. Rac1 Bxb6 21. axb6 Ra8 22. e4 dxe4 23. Rxd8 Bxb3 24. Rxa8 Rxa8 25.
Bxe4 h5 26. f4 g6 27. Rc3 Be6 28. Rd3 a5 29. Kf2 Ra6 30. Ra3 Rxb6 31. Rxa5 Rxb2+ 32. Kg1 Kg7 33. Ra7 Rb4 34. Bd3 c5 35. Kf2 c4 36.
Be4 b5 37. Ke3 c3 38. Rc7 Rb3 39. Bc2 Ra3 40. Kd4 b4 41. Bd3 Ra8 42. Bc4 Rd8+ 0-1

[Event "*** Titled Tuesday Blitz"]
[Site "Chess.com"]
[Date "2020.11.24"]
[Round "5"]
[White "Harry_Rakkel"]
[Black "Satscho"]
[Result "0-1"]
[WhiteElo "2485"]
[BlackElo "2339"]
[TimeControl "180+1"]
[EndTime "11:12:13 PST"]
[Termination "Satscho won on time"]

1. c4 Nf6 2. Nc3 g6 3. e4 d6 4. d4 Bg7 5. f3 O-O 6. Nge2 c5 7. d5 e6 8. Ng3 exd5 9. cxd5 a6 10. a4 Re8 11. Be2 h5 12. Bg5 Qa5 13. Qd2 Nh7 14.
Bf4 h4 15. Nf1 Qc7 16. g4 Nd7 17. Bh6 Bd4 18. Ne3 Ne5 19. h3 g5 20. f4 gxf4 21. Bxf4 Ng6 22. Bh2 Qe7 23. Nf5 Bxf5 24. gxf5 Ne5 25. O-O-O b5 26. Qh6 Kh8 27. Rdf1 f6 28. Bh5 Rg8 29. Bg6 Rg7 30. Ne2 bxa4 31. Nf4 a3 32. Ne6 Rag8 33. Nxd4 cxd4 34. bxa3 Qc7+ 35. Kd1 Qc3 36. Rf2 Qd3+ 37. Qd2 Qb3+ 38. Qc2 Qxa3 0-1

[Event "*** Titled Tuesday Blitz"]
[Site "Chess.com"]
[Date "2020.11.24"]
[Round "5"]
[White "kinga2008"]
[Black "AniJak"]
[Result "0-1"]
[WhiteElo "2175"]
[BlackElo "2340"]
[TimeControl "180+1"]
[EndTime "11:12:13 PST"]
[Termination "AniJak won by resignation"]

1. e4 c5 2. Nf3 e6 3. c3 Nc6 4.
Bd3 d5 5. e5 d4 6. Bc2 d3 7.
Ba4 Bd7 8. O-O a6 9. b4 b5 10. bxc5 bxa4 11. Qxa4 Nxe5 12. Qf4 Nxf3+ 13. Qxf3 Bxc5 14.
Qxd3 Bb5 15. Qxd8+ Rxd8 16. Rd1 Bd3 17. Ba3 Bxa3 18.
Nxa3 Nf6 19. f3 O-O 20. Kf2 Rb8 21. Ke3 Rfd8 22. g4 h5 23. g5 Ne8 24. c4 g6 25.
Rdc1 Ng7 26. Rc3 Nf5+ 27. Kf4 Rbc8 28. c5 e5+ 29. Kxe5 Re8+ 30. Kd5 Red8+ 31. Ke5 Ne7 32. Rac1 Rd5+ 33. Kf4 Rf5+ 34. Ke3 Nd5+ 35. Kxd3 Nxc3 36. dxc3 Rfxc5 37. c4 Rxg5 38. Kd4 Rf5 39. Rc3 g5 40. c5 g4 41. fxg4 hxg4 42. Rg3 Rfxc5 43. Rxg4+ Kf8 44.
Rh4 Kg7 45. Rg4+ Kf6 46. Rf4+ Kg6 47. Re4 f5 48. Re3 R5c6 49. Rg3+ Kf6 50. Kd3 f4 51.
Rf3 Rc3+ 52. Ke4 Rxf3 53. Kxf3 Rc3+ 0-1

[Event "*** Titled Tuesday Blitz"]
[Site "Chess.com"]
[Date "2020.11.24"]
[Round "5"]
[White "Nadeev_Sergey"]
[Black "Limelight2727"]
[Result "1-0"]
[WhiteElo "2464"]
[BlackElo "1937"]
[TimeControl "180+1"]
[EndTime "11:12:14 PST"]
[Termination "Nadeev_Sergey won by checkmate"]

1. d4 Nf6 2. Bf4 d5 3. e3 c5 4.
c3 Nc6 5. Nd2 e6 6. Ngf3 Bd6 7.
Bxd6 Qxd6 8. Bd3 b6 9. O-O O-O 10. Re1 Rd8 11. e4 dxe4 12. Nxe4 Nxe4 13. Bxe4 cxd4 14.
Nxd4 Bb7 15. Nxc6 Bxc6 16. Qxd6 Rxd6 17. Bxc6 Rxc6 18. Rad1 a5 19. Rd7 a4 20. Red1 h6 21. R1d6 Rxd6 22. Rxd6 a3 23. b3 Rc8 24. Rd3 b5 25.
Kf1 e5 26. Ke2 e4 27. Re3 f5 28. Kd2 Kf7 29. f3 exf3 30. Rxf3 Kf6 31. b4 Rc4 32. Kc2 g5 33. Kb3 g4 34. Rd3 f4 35. Kxa3 Kf5 36.
Kb3 Ke4 37. Rd8 f3 38. gxf3+ gxf3 39. a4 Ke3 40. axb5 f2 41. Rd1 Ke2 42. Rb1 Rc8 43. Rb2+ Ke1 44. c4 f1=Q 45. Rb1+ Ke2 46. Rxf1 Kxf1 47. c5 h5 48. b6 h4 49. b7 Rb8 50. c6 h3 51. c7 Rxb7 52. c8=Q Rh7 53. Qf5+ Kg2 54. Qxh7 Kxh2 55. b5 Kg2 56. b6 h2 57.
Qe4+ Kg1 58. Qg4+ Kh1 59. Qf3+ Kg1 60. b7 h1=Q 61. Qxh1+ Kxh1 62. b8=Q Kg2 63. Qf8 Kg3 64. Kc3 Kg4 65. Kd3 Kg5 66. Ke3 Kg6 67. Ke4 Kh7 68. Qf7+ Kh6 69. Qg8 Kh5 70. Kf5 Kh4 71. Qg4# 1-0

[Event "*** Titled Tuesday Blitz"]
[Site "Chess.com"]
[Date "2020.11.24"]
[Round "5"]
[White "Fy_Rakotomaharo"]
[Black "FMAntonio"]
[Result "1-0"]
[WhiteElo "2687"]
[BlackElo "2362"]
[TimeControl "180+1"]
[EndTime "11:12:14 PST"]
[Termination "Fy_Rakotomaharo won on time"]

1. e4 e5 2. Nf3 Nc6 3. d4 exd4 4. Bc4 Nf6 5. O-O Nxe4 6. Re1 d5 7. Bxd5 Qxd5 8.
Nc3 Qh5 9. Nxe4 Be7 10. Bg5 O-O 11. Ng3 Qxg5 12. Nxg5 Bxg5 13. Qh5 h6 14. Rad1 Be6 15. Ne4 Be7 16. a3 b6 17. Qb5 Bd7 18. Ng3 Rad8 19.
Nf5 Bf6 20. Qd5 Ne5 21. Ne7+ Kh8 22. Rxe5 Bg4 23. Qe4 Bxd1 24. Nc6 Bxe5 25. Nxd8 Rxd8 26. Qxe5 Bxc2 27. Qxc7 Re8 28. f3 d3 29. Kf2 Kg8 30.
g4 b5 31. h4 a6 32. h5 Bb3 33. Qc3 Bc2 34. Kg3 Re2 35. Qc8+ Kh7 36. Qf5+ Kg8 37.
b4 Re6 38. Qc5 Kh7 39. Kf4 Kg8 40. Qc8+ Kh7 41. Qc7 Rf6+ 42. Ke3 Re6+ 43. Kd2 Re2+ 44. Kc1 Re1+ 45. Kb2 Rb1+ 46. Ka2 Rd1 47. f4 1-0

[Event "*** Titled Tuesday Blitz"]
[Site "Chess.com"]
[Date "2020.11.24"]
[Round "5"]
[White "DarZay"]
[Black "kai_nov"]
[Result "0-1"]
[WhiteElo "2092"]
[BlackElo "2333"]
[TimeControl "180+1"]
[EndTime "11:12:14 PST"]
[Termination "kai_nov won on time"]

1. e4 c5 2. Nf3 Nc6 3. d4 cxd4 4. Nxd4 Nf6 5. Nc3 e5 6. Ndb5 d6 7. Bg5 a6 8. Na3 b5 9. Nd5 Be7 10.
Bxf6 Bxf6 11. c3 O-O 12. Be2 Bg5 13. O-O Ne7 14. Nc2 Nxd5 15. Qxd5 Be6 16. Qd3 Qb6 17. Nb4 Bc4 18. Qf3 a5 19. Bxc4 bxc4 20. Nd5 Qxb2 21. Qg4 h6 22. h4 Bd2 23. Rab1 Qxa2 24. Qe2 Rab8 25. Ra1 Qb2 26. Rxa5 Bxc3 27. Qxb2 Bxb2 28. Rd1 Bd4 29. Ne7+ Kh7 30. Nf5 c3 31. Rc1 Rb2 32. Rd5 Bxf2+ 33. Kf1 Bc5 34. Rxc3 Rf2+ 35. Ke1 Rxg2 36.
Nxd6 Bxd6 37. Rxd6 Ra8 38. Rb6 Ra1+ 0-1

[Event "*** Titled Tuesday Blitz"]
[Site "Chess.com"]
[Date "2020.11.24"]
[Round "5"]
[White "OK97"]
[Black "champ2005"]
[Result "1-0"]
[WhiteElo "2788"]
[BlackElo "2998"]
[TimeControl "180+1"]
[EndTime "11:12:15 PST"]
[Termination "OK97 won by resignation"]

1. d4 Nf6 2. Bg5 d5 3. Bxf6 exf6 4. e3 Bd6 5. Bd3 O-O 6. Nd2 c6 7. Qf3 Be6 8. Ne2 Nd7 9. O-O-O a5 10. g4 a4 11. h4 a3 12. b3 c5 13. g5 c4 14. Bf5 Rc8 15. Rdg1 cxb3 16. Nxb3 g6 17. Bd3 Nb6 18. gxf6 Nd7 19. h5 Qxf6 20.
Qg2 Bf5 21. hxg6 fxg6 22. Qxd5+ Qe6 23. Qxe6+ Bxe6 24. f4 Rce8 25. Kd2 Bd5 26. Rh5 Nf6 27. Rxd5 Nxd5 28. Bc4 Rf5 29. Rg5 Rxg5 30. fxg5 Bb4+ 31. c3 Be7 32. Bxd5+ Kg7 33. Bxb7 Bxg5 34. Nf4 Bxf4 35.
exf4 Kf6 36. c4 Kf5 37. c5 Kxf4 38. c6 h5 39. c7 h4 40. c8=Q Rxc8 41. Bxc8 g5 42. Nc5 g4 43. Nd3+ Kg3 44. Ne5 h3 45.
Bxg4 h2 46. Bf3 Kf4 47. Kd3 Kg3 48. Ke4 1-0

[Event "*** Titled Tuesday Blitz"]
[Site "Chess.com"]
[Date "2020.11.24"]
[Round "5"]
[White "Dave_ChessMate"]
[Black "YIYUKI"]
[Result "1-0"]
[WhiteElo "2465"]
[BlackElo "2336"]
[TimeControl "180+1"]
[EndTime "11:12:15 PST"]
[Termination "Dave_ChessMate won on time"]

1. d4 Nf6 2. c4 g6 3. Nc3 d5 4. Nf3 Bg7 5. Bg5 Ne4 6. cxd5 Nxg5 7. Nxg5 e6 8. Nf3 exd5 9. e3 O-O 10. Be2 c6 11. O-O a5 12. Rb1 Be6 13. a3 Nd7 14. b4 axb4 15. axb4 b5 16. Qd2 Nb6 17. Ne5 Qd6 18. f4 Ra3 19. Bd3 f6 20. Nf3 Nc4 21.
Bxc4 bxc4 22. b5 Bf5 23. Rb2 Bd3 24. Rc1 c5 25. b6 cxd4 26. Nxd4 Raa8 27. b7 Rab8 28.
Ra1 f5 29. Ra5 Rf7 30. Rxd5 Qc7 31. Rdb5 Qd6 32. Rd5 Qc7 33. Ne6 Qe7 34. Rd8+ Rxd8 35. Nxd8 Bxc3 36. Qxc3 Qxe3+ 37. Kh1 Re7 38. h3 Qxf4 39.
b8=Q 1-0

[Event "*** Titled Tuesday Blitz"]
[Site "Chess.com"]
[Date "2020.11.24"]
[Round "5"]
[White "vaishali2001"]
[Black "AryanTari"]
[Result "0-1"]
[WhiteElo "2591"]
[BlackElo "2897"]
[TimeControl "180+1"]
[EndTime "11:12:16 PST"]
[Termination "AryanTari won by checkmate"]

1. e4 c6 2. d4 d5 3. e5 Bf5 4. h4 c5 5. dxc5 Nc6 6. Bb5 Bd7 7. Nf3 e6 8. Bxc6 bxc6 9. Be3 Nh6 10. Bxh6 gxh6 11.
b4 a5 12. c3 Rg8 13. O-O Qb8 14.
a4 axb4 15. Qd4 bxc3 16. Qxc3 Rg4 17. Nbd2 Rgxa4 18. Rxa4 Rxa4 19. Qc2 Qa7 20. Qxh7 Qxc5 21. Rb1 Qa7 22. Rc1 Ra1 23. Rxa1 Qxa1+ 24. Kh2 c5 25. g4 c4 26. g5 hxg5 27. hxg5 Qa7 28. Kg2 Bc8 29. g6 c3 30. Ng5 cxd2 31. Nxf7 d1=Q 32. Nd6+ Bxd6 33. Qxa7 Qg4+ 34. Kf1 Bxe5 35. Qf7+ Kd8 36. Qf8+ Kd7 37. Qf7+ Kc6 38. Qe8+ Bd7 39.
Qa8+ Kc7 40. Qa5+ Kd6 41. Qa3+ Kc6 42. Qa6+ Kc5 43. Qa5+ Bb5+ 44. Ke1 Qe2# 0-1

[Event "*** Titled Tuesday Blitz"]
[Site "Chess.com"]
[Date "2020.11.24"]
[Round "5"]
[White "kuban1991"]
[Black "Gevo1990"]
[Result "1-0"]
[WhiteElo "2891"]
[BlackElo "2580"]
[TimeControl "180+1"]
[EndTime "11:12:16 PST"]
[Termination "kuban1991 won by checkmate"]

1. Nf3 Nf6 2. g3 g6 3. Bg2 Bg7 4. O-O O-O 5. c4 d6 6. Nc3 Nc6 7. d3 e5 8. Rb1 Bg4 9. h3 Be6 10. b4 Qc8 11. Kh2 h6 12. e4 Ne7 13. Nd5 Nexd5 14.
cxd5 Bd7 15. Nd2 Qe8 16. Nc4 Ba4 17. Qe2 Qd7 18. Be3 Rfc8 19. Rbc1 c6 20. dxc6 Bxc6 21.
Rc3 Qe6 22. Na5 d5 23. Nxc6 bxc6 24. Bc5 d4 25. Ra3 Nd7 26. Rc1 Nxc5 27. Rxc5 Bf8 28.
Rc4 Rcb8 29. Ra4 Rb6 30. h4 Bd6 31. h5 Qe7 32. Qg4 Kg7 33. a3 Rf8 34. Bh3 a6 35.
Qd7 f5 36. Qxe7+ Bxe7 37. exf5 gxf5 38. Bg2 Rf6 39. Ra5 Re6 40. Bh3 Kf6 41. g4 fxg4 42.
Bxg4 Rd6 43. Kg3 Rd5 44. Ra4 c5 45. Bf3 Rd8 46. bxc5 Rg8+ 47. Kh3 Rb3 48. Rxa6+ Kf5 49. Be4+ Kf4 50. Rg6 Rf8 51. c6 Bg5 52. c7 Rc8 53.
Rcc6 Rb2 54. Rcf6+ Bxf6 55. Rg4# 1-0

[Event "*** Titled Tuesday Blitz"]
[Site "Chess.com"]
[Date "2020.11.24"]
[Round "5"]
[White "MrChampion_Coach"]
[Black "Saylormoon"]
[Result "1-0"]
[WhiteElo "2518"]
[BlackElo "2350"]
[TimeControl "180+1"]
[EndTime "11:12:16 PST"]
[Termination "MrChampion_Coach won by resignation"]

1. d4 Nf6 2. c4 e6 3. Nc3 c5 4.
d5 exd5 5. cxd5 d6 6. Bf4 a6 7. e3 g6 8. Be2 Bg7 9. Nf3 O-O 10. O-O Qe7 11. a4 Nbd7 12. a5 Nh5 13. Bg5 f6 14.
Bh4 g5 15. Nd2 gxh4 16. Bxh5 Ne5 17. f4 Nd3 18. Nc4 Nxb2 19. Nxb2 Qxe3+ 20. Rf2 Qxc3 21. Ra4 f5 22. Kf1 Bd7 23. Rc4 Bb5 24. Rc2 Bxc4+ 25. Nxc4 Qb4 26. Be2 Rae8 27. g3 hxg3 28. hxg3 Re4 29.
Nxd6 Rd4 30. Qc1 Rd8 31. Nxf5 R4xd5 32. Bc4 Qxc4+ 33. Rxc4 Rd1+ 34. Ke2 Rxc1 35. Rxc1 Bd4 36. Rb1 Rd7 37. Kd3 Kf7 38. Ke4 Bf2 39. Rb2 Re7+ 40. Kd5 Rd7+ 41. Ke4 Bd4 42. Rh2 Kg6 43. Rh6+ Kf7 44.
Rxh7+ Ke6 45. Rxd7 Kxd7 46. Nxd4 cxd4 47. Kxd4 Kc6 48.
Kc4 Kd6 1-0

[Event "*** Titled Tuesday Blitz"]
[Site "Chess.com"]
[Date "2020.11.24"]
[Round "5"]
[White "J36225"]
[Black "penguingm1"]
[Result "0-1"]
[WhiteElo "2454"]
[BlackElo "2961"]
[TimeControl "180+1"]
[EndTime "11:12:17 PST"]
[Termination "penguingm1 won by resignation"]

1. e4 b5 2. Bxb5 f5 3. exf5 c6 4. Be2 d5 5. Bh5+ Kd7 6. d4 Nf6 7. Bf4 Qb6 8. Bf7 Qxb2 9. Be6+ Kd8 10. Bxc8 Kxc8 11. Nd2 Qxd4 12. Be3 Qe5 13. Ngf3 Qxf5 14. c4 e5 15. cxd5 cxd5 16. Rc1+ Kd7 17. Qa4+ Ke7 18. Rc7+ Nbd7 19. Bg5 Kd8 20. Rb7 Bc5 21. O-O Re8 22.
Nb3 Bb6 23. Rc1 Re7 24. Na5 Bxa5 25. Qxa5+ Ke8 26. Rcc7 e4 27. Bxf6 exf3 28. Bxe7 Qg4 29. Kf1 Qxg2+ 30. Ke1 Qg1+ 31. Kd2 Qxf2+ 32. Kc3 Qe1+ 33.
Kd3 Qxa5 34. Rxd7 Qa6+ 35. Kd4 Qc4+ 36. Ke5 Qe4+ 37. Kd6 Qf4+ 38. Kc6 Rc8+ 39. Kb5 Qc4+ 40. Ka5 f2 41. Bd6 Qc3+ 42. Ka6 Qc6+ 43. Ka5 Qxd7 0-1